 Dungeon Crawl Stone Soup version 0.19-a0-944-gb338e1e (webtiles) character file.

2660 Implojin the Cleaver (level 9, -4/86 HPs)
             Began as a Minotaur Fighter on July 9, 2016.
             Was a Follower of Okawaru.
             Slain by a vampire (5 damage)
             ... on level 7 of the Dungeon.
             The game lasted 00:06:16 (656 turns).

Implojin the Cleaver (Minotaur Fighter)              Turns: 656, Time: 00:06:16

Health: -4/86      AC: 11    Str: 22    XL:     9   Next: 36%
Magic:  3/11       EV: 18    Int:  8    God:    Okawaru [*.....]
Gold:   27         SH: 12    Dex: 17    Spells: 0 memorised, 8 levels left

rFire  + . .     SeeInvis .     a - +0 war axe
rCold  + . .     Gourm    .     p - +0 scale mail of the Seven Gods {-Cast Int+3 Dex+5}
rNeg   . . .     Faith    .     c - +0 shield
rPois  +         Spirit   .     (helmet restricted)
rElec  +         Dismiss  .     (no cloak)
rCorr  +         Reflect  .     (no gloves)
SustAt .         Harm     .     o - +0 pair of boots
MR     .....     NoCast   +     (no amulet)
Stlth  +.........               (no ring)
                                n - ring of resist corrosion

@: resistant, heroism, not resistant to hostile enchantments, very unstealthy
A: retaliatory headbutt, horns 2
a: Heroism, Renounce Religion


You were on level 7 of the Dungeon.
You worshipped Okawaru.
Okawaru was aware of your devotion.
You were not hungry.

You visited 2 branches of the dungeon, and saw 8 of its levels.

You collected 66 gold pieces.
You spent 39 gold pieces at shops.

Inventory:

Hand Weapons
 a - a +0 war axe (weapon)
Armour
 b - a +0 scale mail
 c - a +0 shield (worn)
 l - a +0 chain mail
 o - a +0 pair of boots (worn)
 p - the +0 scale mail of the Seven Gods (worn) {-Cast Int+3 Dex+5}
   (You found it on level 6 of the Dungeon)

   It affects your intelligence (+3).
   It affects your dexterity (+5).
   It prevents spellcasting.
Jewellery
 e - an uncursed ring of positive energy {unknown}
 n - a ring of resist corrosion (left hand)
Wands
 r - a wand of lightning (8/15)
Scrolls
 j - a scroll of remove curse
 q - 2 scrolls of noise
 s - a scroll of acquirement {unknown}
Potions
 k - 2 potions of flight
 t - a potion of resistance
Books
 m - a Grand Grimoire

   Spells                             Type                      Level
   a - Monstrous Menagerie            Summoning                    7
   b - Summon Greater Demon           Summoning                    7
   c - Malign Gateway                 Summoning/Translocation      7
   d - Summon Horrible Things         Summoning                    8
Comestibles
 f - 3 bread rations
 h - a beef jerky
 i - 2 meat rations


   Skills:
 - Level 10.3(15.3) Fighting
 * Level 11.0(16.0) Axes
 - Level 10.3(15.3) Armour
 - Level 8.9(13.9) Dodging
 - Level 3.6(8.6) Shields
 - Level 4.1 Invocations


You had 8 spell levels left.
You didn't know any spells.

Dungeon Overview and Level Annotations

Branches:
Dungeon (7/15)             Temple (1/1) D:6

Altars:
Cheibriados
Hepliaklqana
Makhleb
Okawaru
Qazlal
Xom

Shops:
D:6 *

Annotations:
D:6 jasper's ghost, novice HuBe


Innate Abilities, Weirdness & Mutations

You reflexively headbutt those who attack you in melee.
You have a pair of horns on your head.


Message History

You feel stronger.
The vampire casts a spell.
The vampire flickers and vanishes!
Deactivating autopickup; reactivate with Ctrl-A.
You feel more experienced!
Your Fighting skill gained 2 levels and is now at level 10!
Your Armour skill gained 2 levels and is now at level 10!
Your Dodging skill gained 2 levels and is now at level 8!
You have reached level 9!
Your experience leads to an increase in your attributes!
Your base attributes are Str 22, Int 5, Dex 11.
Increase (S)trength, (I)ntelligence, or (D)exterity?
You feel agile. Something hits you!
* * * LOW HITPOINT WARNING * * *
Something bites you but does no damage.
Okay, then.
You're too confused!
Okay, then.
You barely miss something. Your headbutt misses something. Something hits you.
* * * LOW HITPOINT WARNING * * *
Something bites you.
* * * LOW HITPOINT WARNING * * *
Something draws strength from your injuries!
You completely miss something. Your headbutt misses something.
You feel less confused. Something hits you!
* * * LOW HITPOINT WARNING * * *
Something barely misses you.
Unknown command.
You gain the combat prowess of a mighty hero.
Something closely misses you. Something bites you.
* * * LOW HITPOINT WARNING * * *
Unknown command.
Okay, then.
Okay, then.
As you read the scroll labeled ANLUEWKYIJ, it crumbles to dust.
You feel as if something is helping you.
It was a scroll of remove curse.
Something hits you.
You die...

..#.......###<..(....
.........#...##.....
###.........### ...
#.............#.. #
#......<........
#............>...
#................
##...............
##.@.##.........
#######...#...#
#######


There were no monsters in sight!

Vanquished Creatures
  A sky beast (D:6)
  An ogre (D:6)
  2 centaurs (D:6)
  A crocodile (D:7)
  3 crimson imps (D:6)
  A hound (D:5)
  An orc wizard (D:4)
  3 worker ants
  An adder (D:2)
  A worm (D:6)
  A giant gecko (D:6)
  4 orcs
  4 giant cockroaches
  A goblin (D:3)
  A hobgoblin (D:2)
  4 jackals (D:5)
  A quokka (D:6)
  2 bats (D:1)
  A giant newt (D:1)
  2 kobolds
  A quokka zombie (D:6)
37 creatures vanquished.

Notes
Turn   | Place    | Note
-------+----------+-------------------------------------------
     0 | D:1      | Implojin the Minotaur Fighter began the quest for the Orb.
     0 | D:1      | Reached XP level 1. HP: 19/19 MP: 0/0
    76 | D:1      | Reached skill level 3 in Axes
   110 | D:2      | Reached XP level 2. HP: 26/26 MP: 1/1
   213 | D:4      | Reached skill level 4 in Axes
   239 | D:4      | Reached skill level 5 in Axes
   239 | D:4      | Reached XP level 3. HP: 12/31 MP: 2/2
   247 | D:5      | Entered Level 5 of the Dungeon
   256 | D:5      | Reached XP level 4. HP: 7/39 MP: 3/3
   336 | D:6      | Reached skill level 6 in Axes
   336 | D:6      | Reached XP level 5. HP: 17/45 MP: 4/4
   342 | D:6      | Got an emerald-encrusted scale mail
   353 | D:6      | Reached skill level 7 in Axes
   421 | D:6      | Identified the cursed +0 scale mail of the Seven Gods {-Cast Int+3 Dex+5} (You found it on level 6 of the Dungeon)
   426 | D:6      | Noticed jasper's ghost (novice HuBe)
   429 | D:7      | Noticed a crocodile
   436 | D:6      | Found Ifecs's General Store.
   447 | D:6      | Bought a scroll of identify for 26 gold pieces
   447 | D:6      | Bought a scroll of noise for 13 gold pieces
   471 | D:6      | Found a staircase to the Ecumenical Temple.
   473 | D:6      | Noticed a centaur
   480 | D:6      | HP: 1/45 [centaur (7)]
   481 | D:6      | Killed a centaur
   481 | D:6      | Reached skill level 8 in Axes
   481 | D:6      | Reached XP level 6. HP: 1/51 MP: 5/5
   492 | Temple   | Entered the Ecumenical Temple
   507 | Temple   | Became a worshipper of Warmaster Okawaru
   592 | D:6      | Reached * piety under Okawaru
   592 | D:6      | Reached skill level 9 in Axes
   592 | D:6      | Reached XP level 7. HP: 44/57 MP: 6/6
   606 | D:6      | Found a shimmering altar of Xom.
   640 | D:7      | Reached skill level 10 in Axes
   641 | D:7      | Noticed a vampire
   650 | D:7      | Reached skill level 8 in Fighting
   650 | D:7      | Reached skill level 11 in Axes
   650 | D:7      | Reached skill level 8 in Armour
   650 | D:7      | Reached skill level 6 in Dodging
   650 | D:7      | Reached skill level 4 in Invocations
   650 | D:7      | Reached XP level 8. HP: 22/74 MP: 4/10
   651 | D:7      | Reached skill level 10 in Fighting
   651 | D:7      | Reached skill level 10 in Armour
   651 | D:7      | Reached skill level 8 in Dodging
   651 | D:7      | Reached XP level 9. HP: 26/86 MP: 4/11
   654 | D:7      | HP: 1/86 [something (5)]
   656 | D:7      | Slain by a vampire

Vault maps used:
D:1:      tarquinn_simple_flora_water_e, minmay_close_crescents
D:2:      minmay_roachtagon, old_standard_altar, glass_columns_a,
          uniq_crazy_yiuf_cottage
D:3:      kennysheep_goblin_castle, first_bread, minivault_26,
          minmay_gold_behind_fungi
D:4:      vehumet_crystals, minmay_misc_feat_secret_circle, minivault_19,
          interstate_on_off
D:5:      kennysheep_mini, uniq_grinder
D:6:      lemuel_round_altar, lemuel_round_altar, serial_shops,
          nicolae_shop_waterfront, lemuel_flamethrower_2
D:7:      grunt_ogre_cave
Temple:   eino_temple_scatter_basement

Skill      XL: |  1  2  3  4  5  6  7  8 |
---------------+-------------------------+-----
Axes           | 3 5 6 8 9 11 | 11.0
Fighting       | 8 10 | 10.3
Armour         | 8 10 | 10.3
Dodging        | 6 8 |  8.9
Invocations    | 4 |  4.1
Shields        | |  3.6

Action                   |  1- 3 |  4- 6 |  7- 9 || total
-------------------------+-------+-------+-------++-------
Melee: War axe           |    40 |    50 |    19 ||   109
       Headbutt          |     5 |    14 |     4 ||    23
Invok: Heroism           |       |       |     3 ||     3
  Use: Potion            |     1 |     2 |     3 ||     6
       Scroll            |       |     3 |     1 ||     4
Armor: Scale mail        |    13 |     5 |     3 ||    21
       Chain mail        |     8 |    17 |       ||    25
Dodge: Dodged            |    17 |    14 |     7 ||    38
Block: Shield            |    27 |    24 |     5 ||    56

Table legend:
 A = Turns spent in this place as a percentage of turns spent in the entire game.
 B = Non-inter-level travel turns spent in this place as a percentage of non-inter-level travel turns spent in the entire game.
 C = Inter-level travel turns spent in this place as a percentage of turns spent in this place.
 D = Turns resting spent in this place as a percentage of non-inter-level travel turns spent in this place.
 E = Turns spent auto-exploring this place as a percentage of non-inter-level travel turns spent in this place.
 F = Non-inter-level travel turns spent in this place divided by the number of levels of this place that you've seen.
                   A       B       C       D       E      F
               +-------+-------+-------+-------+-------+----------------------
         Total | 100.0 | 100.0 |   0.0 |   0.0 |   0.0 |  85.2
       Dungeon |  96.2 |  96.2 |   0.0 |   0.0 |   0.0 |  93.7
        Temple |   3.8 |   3.8 |   0.0 |   0.0 |   0.0 |  26.0
               +-------+-------+-------+-------+-------+----------------------

Table legend:
 A = Kills in this place as a percentage of kills in entire the game.
 B = Kills by you in this place as a percentage of kills by you in the entire game.
 C = Kills by friends in this place as a percentage of kills by friends in the entire game.
 D = Other kills in this place as a percentage of other kills in the entire game.
 E = Experience gained in this place as a percentage of experience gained in the entire game.
 F = Experience gained in this place divided by the number of levels of this place that you have seen.
                   A       B       C       D       E      F
               +-------+-------+-------+-------+-------+----------------------
         Total | 100.0 | 100.0 |  -nan |  -nan | 100.0 | 123.5
       Dungeon | 100.0 | 100.0 |  -nan |  -nan | 100.0 | 141.1
               +-------+-------+-------+-------+-------+----------------------
